AoeStats
← [SAPR] Janstonbeats

African Clearing

510468234Analyzed
2v2 RM · 5h ago on Oct 1, 2026· 25m 2s· 4 players
Game mode
Random Map
Map size
Medium (4 player)
Population
200
Speed
Normal
Resources
Standard
Victory
Conquest
Starting age
Dark Age
Ending age
Imperial Age
RankedLock teamsTeams togetherTeam positionsShared explorationLock speedFull tech treeHidden civsTurbo modeCheats
Victory
Defeat
🇦🇺 Varangians · Australia
1315
+11
🇫🇷 Huns · France
1101
+20
🇭🇰 Danes · Hong Kong SAR China
1213
-16
🇦🇷 Spanish · Argentina
1175
-15
[SAPR] Janstonbeats
8:05 Loom
12:47 Feudal Age
13:40 Double-Bit Axe
20:36 Castle Age
20:24 Gold Mining
20:51 Fletching
22:40 Bow Saw
22:52 Bodkin Arrow
25:47 Ballistics
Hemsy124
8:44 Loom
11:11 Feudal Age
12:41 Double-Bit Axe
15:28 Bloodlines
17:45 Horse Collar
24:35 Castle Age
Buaco69
12:12 Loom
14:27 Feudal Age
18:38 Castle Age
17:59 Stone Mining
17:57 Double-Bit Axe
17:55 Horse Collar
Dragerwoods
5:15 Loom
12:30 Feudal Age
13:19 Double-Bit Axe
16:03 Fletching
19:51 Wheelbarrow
22:42 Castle Age
21:02 Gold Mining
21:38 Horse Collar
21:45 Town Watch
23:02 Crossbowman
23:37 Bodkin Arrow
Connection lost

Rejoining the realm…

Still unreachable

The connection could not be restored.

Session expired

The server has moved on; the page needs a fresh start.